Map: Ephemeron LE

Players

Stats

  • Race: Protoss Protoss
  • Spawn Location: 11:00

Dear - Winner!

  • Race: Protoss Protoss
  • Spawn Location: 5:00

Event: IEM Katowice 2020

VOD

Have the link to the VOD?

Description

Time

  • Played on: Feb. 27, 2020, 7:11 a.m.
  • Length: 10:09

All games in this series

Show
View Real Time Build Order
Export as new Build Order

Stats Protoss 

Build Orders: Phoenix Opening, Zealot Archon 

Get SALT Encoding   

  12  0:00  Probe  
  13  0:12  Probe  
  14  0:17  Pylon  
  14  0:25  Probe (Chrono Boost)  
  15  0:36  Gateway  
  15  0:37  Probe (Chrono Boost)  
  16  0:44  Probe (Chrono Boost)  
  16  0:46  Assimilator  
  17  0:51  Probe  
  17  0:54  Assimilator  
  18  1:03  Probe (Chrono Boost)  
  19  1:07  Gateway  
  19  1:14  Probe (Chrono Boost)  
  20  1:19  Probe (Chrono Boost)  
  20  1:23  Cybernetics Core  
  21  1:29  Probe  
  22  1:34  Pylon  
  22  1:41  Probe  
  23  1:53  Probe  
  24  1:59  Stalker  
  24  2:00  Warp Gate  
  26  2:02  Stalker  
  26  2:08  Pylon  
  28  2:11  Probe  
  31  2:30  Sentry  
  31  2:33  Sentry  
  33  2:45  Nexus  
  33  2:51  Shield Battery  
  33  2:53  Probe  
  33  2:56  Sentry  
  36  3:05  Phoenix  
  36  3:06  Probe  
  36  3:10  Pylon  
  37  3:18  Probe (Chrono Boost)  
  38  3:26  Robotics Facility  
  38  3:30  Probe (Chrono Boost)  
  39  3:39  Probe (Chrono Boost)  
  40  3:44  Probe (Chrono Boost)  
  41  3:56  Probe (Chrono Boost)  
  41  3:57  Probe (Chrono Boost)  
  41  4:00  Forge  
  41  4:01  Phoenix  
  43  4:05  Probe x2 (Chrono Boost)  
  43  4:08  Stalker x2  
  49  4:10  Probe  
  49  4:11  Probe  
  49  4:14  Observer  
  52  4:23  Probe  
  53  4:26  Probe  
  53  4:29  Protoss Ground Weapons Level 1 (Chrono Boost)  
  53  4:30  Pylon  
  54  4:36  Probe, Assimilator, Twilight Council  
  54  4:37  Assimilator  
  54  4:38  Probe  
  56  4:48  Probe  
  56  4:50  Probe  
  56  4:52  Pylon  
  58  4:56  Phoenix, Gateway  
  58  4:57  Gateway  
  58  5:00  Probe  
  58  5:02  Probe  
  60  5:09  Warp Prism (Chrono Boost)  
  60  5:13  Templar Archives  
  62  5:17  Charge  
  62  5:26  Gateway  
  62  5:27  Gateway  
  62  5:30  Gateway  
  62  5:36  Gateway  
  62  5:47  Pylon, Immortal  
  66  6:03  Nexus  
  66  6:05  High Templar  
  66  6:06  Phoenix, High Templar x2  
  72  6:12  Zealot  
  72  6:14  Archon  
  72  6:16  Pylon  
  74  6:19  Pylon  
  74  6:23  Protoss Ground Weapons Level 2 (Chrono Boost)  
  74  6:28  High Templar  
  74  6:29  Nexus  
  76  6:34  Zealot x2  
  76  6:37  Archon  
  76  6:38  Pylon  
  80  6:50  Zealot x2  
  83  6:54  Probe x2  
  85  7:02  High Templar x2, Zealot x4  
  85  7:07  Archon  
  97  7:11  Zealot  
  97  7:12  Zealot  
  101  7:20  Probe x2  
  103  7:22  Zealot  
  103  7:23  Zealot  
  103  7:27  Pylon  
  103  7:29  Pylon  
  107  7:31  Pylon x2  
  107  7:42  High Templar x2, Zealot  
  107  7:43  Zealot x2  
  117  7:45  Probe x2  
  117  7:46  Probe, Observer  
  117  7:47  Archon  
  120  7:56  High Templar  
  120  7:57  High Templar, Zealot  
  126  7:59  Pylon  
  126  8:03  Archon, Pylon  
  126  8:04  Probe x3  
  129  8:09  Zealot x2  
  133  8:13  Zealot  
  135  8:21  High Templar x2  
  135  8:22  Zealot  
  135  8:25  Archon  
  141  8:33  Zealot x5  
  151  8:47  Pylon  
  151  8:49  Pylon  
  151  8:51  Pylon  
  151  9:00  Zealot  
  151  9:01  Zealot x6  
  155  9:05  Zealot  
  121  9:22  High Templar x3, Zealot x3  
  129  9:26  High Templar, Zealot  
  129  9:30  Archon  
  129  9:31  Archon  
  110  9:46  Zealot x4  
  106  9:54  Zealot x3  
  106  9:58  Zealot  
Show
View Real Time Build Order
Export as new Build Order

Dear Protoss - Winner!

Build Orders: Phoenix Opening, Archon Immortal 

Get SALT Encoding   

  12  0:00  Probe  
  13  0:12  Probe  
  14  0:17  Pylon  
  14  0:24  Probe (Chrono Boost)  
  15  0:37  Probe (Chrono Boost), Gateway  
  16  0:44  Probe (Chrono Boost)  
  16  0:46  Assimilator  
  17  0:51  Probe  
  17  0:54  Assimilator  
  18  1:03  Probe (Chrono Boost)  
  19  1:07  Gateway  
  19  1:12  Probe (Chrono Boost)  
  19  1:17  Probe (Chrono Boost)  
  20  1:23  Cybernetics Core  
  21  1:29  Probe  
  22  1:35  Pylon  
  22  1:41  Probe  
  23  1:53  Probe  
  24  2:00  Sentry  
  24  2:01  Warp Gate, Stalker  
  28  2:10  Pylon  
  28  2:26  Stalker  
  30  2:30  Stalker  
  30  2:33  Phoenix  
  31  2:46  Nexus  
  31  2:52  Shield Battery  
  31  2:57  Sentry  
  33  3:00  Probe  
  33  3:03  Sentry  
  36  3:09  Pylon  
  36  3:12  Probe (Chrono Boost)  
  37  3:24  Probe (Chrono Boost)  
  37  3:25  Robotics Facility  
  38  3:30  Probe (Chrono Boost)  
  39  3:38  Probe (Chrono Boost)  
  40  3:41  Forge  
  41  3:49  Probe (Chrono Boost)  
  41  3:55  Probe (Chrono Boost)  
  41  3:58  Adept  
  41  3:59  Adept  
  41  4:02  Probe (Chrono Boost)  
  48  4:10  Probe (Chrono Boost)  
  48  4:11  Probe (Chrono Boost)  
  48  4:13  Observer (Chrono Boost)  
  48  4:16  Probe  
  48  4:17  Probe, Protoss Ground Weapons Level 1 (Chrono Boost)  
  51  4:23  Phoenix  
  50  4:28  Probe  
  50  4:29  Probe  
  52  4:34  Immortal (Chrono Boost)  
  56  4:41  Probe x2  
  56  4:42  Pylon  
  56  4:45  Assimilator  
  58  4:47  Assimilator  
  58  4:52  Pylon  
  58  4:53  Probe x2  
  58  4:57  Twilight Council  
  60  5:03  Warp Prism (Chrono Boost)  
  60  5:08  Probe  
  60  5:09  Probe  
  62  5:20  Probe  
  62  5:21  Probe  
  64  5:29  Immortal (Chrono Boost)  
  64  5:31  Gateway  
  68  5:36  Charge  
  68  5:39  Gateway  
  68  5:45  Stalker x2  
  72  5:54  Templar Archives  
  72  5:55  Pylon  
  72  6:03  Immortal  
  76  6:14  Gateway  
  76  6:15  Protoss Ground Weapons Level 2 (Chrono Boost)  
  76  6:16  Gateway  
  76  6:20  Pylon  
  76  6:39  Gateway  
  76  6:41  Gateway  
  76  6:42  Immortal  
  76  6:44  High Templar  
  76  6:45  High Templar  
  84  6:56  Nexus  
  84  7:07  Stalker x2  
  88  7:09  Archon  
  88  7:11  Zealot x2  
  91  7:18  Pylon x2  
  91  7:27  Pylon  
  91  7:30  High Templar  
  93  7:37  High Templar, Pylon, Zealot x3  
  93  7:41  Archon  
  93  7:43  Zealot  
  93  7:44  Zealot  
  105  7:49  Probe x2  
  105  7:51  Zealot  
  109  7:58  High Templar x2  
  111  7:59  Zealot  
  111  8:02  Archon  
  111  8:04  Zealot  
  111  8:05  Zealot x2  
  121  8:13  Zealot x2  
  125  8:26  High Templar x2  
  125  8:27  Zealot x2  
  131  8:30  Pylon  
  131  8:31  Archon  
  131  8:32  Observer  
  133  8:35  Zealot x2  
  135  8:43  High Templar  
  135  8:44  High Templar  
  135  8:46  Pylon  
  139  8:48  Archon  
  139  8:51  Zealot  
  139  8:52  Zealot  
  143  9:01  Zealot x3  
  143  9:02  Zealot  
  123  9:17  Zealot x4  
  125  9:22  High Templar  
  125  9:23  High Templar, Zealot x2  
  135  9:26  Archon  
  111  9:49  Zealot x5  
  111  9:50  Zealot  
  97  10:01  Zealot x2  

Tags
 
Add a new tag
Caveats
  • Supply blocks, unpowered buildings, or Contaminate may cause inaccurate times.
  • Supply counts are checked every 10 seconds.